Map: Habitation Station LE

Players

Ashaxyn - Winner!

  • Race: Zerg Zerg
  • Spawn Location: 11:00

Gracz

  • Race: Terran Terran
  • League: Bronze
  • Spawn Location: 1:00

VOD

Have the link to the VOD?

Description

Time

  • Played on: June 18, 2016, 4:23 p.m.
  • Length: 26:58
Show
View Real Time Build Order
Export as new Build Order

Ashaxyn Zerg - Winner!

Build Orders: Pool First 

Get SALT Encoding   

  12  0:20  Spawning Pool  
  11  0:23  Drone  
  12  0:28  Drone  
  14  0:35  Drone  
  13  0:59  Overlord  
  13  1:12  Extractor  
  13  1:13  Zergling x4  
  15  1:18  Zergling x2  
  15  1:21  Queen  
  17  1:28  Zergling x2  
  18  1:36  Zergling x2  
  19  1:51  Zergling x2  
  20  2:01  Overlord  
  20  2:08  Zergling x2  
  21  2:22  Zergling x2  
  22  2:29  Zergling x2, Hatchery  
  21  3:13  Zergling x6  
  23  3:35  Zergling x4  
  25  3:43  Drone  
  25  3:45  Drone  
  27  3:49  Metabolic Boost  
  27  3:51  Extractor  
  27  3:53  Baneling Nest  
  27  3:54  Zergling x2  
  26  4:12  Extractor  
  26  4:14  Drone x2  
  26  4:15  Drone x2  
  29  4:20  Drone  
  29  4:41  Baneling x3  
  29  4:42  Baneling x3  
  29  4:46  Zergling x2  
  20  5:08  Baneling x2  
  18  5:20  Zergling x2  
  18  5:21  Zergling x8  
  17  6:31  Zergling x2  
  17  6:32  Zergling x20  
  28  6:57  Baneling x10  
  28  6:58  Baneling x6  
  28  7:09  Baneling x4  
  28  7:10  Baneling  
  28  7:11  Baneling  
  18  7:58  Zergling x2  
  18  7:59  Zergling x10  
  23  8:22  Drone x4  
  27  8:32  Drone  
  28  9:24  Overlord x4  
  27  10:27  Zergling x12  
  33  11:01  Zergling x2  
  33  11:02  Zergling x10  
  39  11:14  Drone x2  
  39  11:16  Queen  
  43  11:22  Hatchery  
  42  11:30  Lair  
  42  11:52  Evolution Chamber  
  42  11:53  Drone x4  
  42  11:54  Drone x4  
  49  12:13  Drone x2  
  51  12:28  Zerg Ground Armor Level 1  
  51  12:49  Infestation Pit  
  50  13:25  Baneling  
  50  13:33  Centrifical Hooks  
  50  13:39  Drone x3  
  50  13:41  Queen  
  55  13:45  Hive  
  55  13:49  Evolution Chamber  
  54  14:05  Drone x4  
  54  14:06  Drone x3  
  54  14:09  Overlord  
  61  14:10  Overlord  
  60  14:57  Ultralisk Cavern  
  59  15:01  Drone  
  59  15:02  Drone x2  
  59  15:07  Extractor  
  61  15:19  Drone x5  
  66  15:25  Extractor  
  65  15:36  Zerg Ground Armor Level 2  
  65  15:37  Zerg Melee Weapons Level 1, Hatchery  
  64  15:48  Spawning Pool  
  64  15:51  Spire  
  64  15:53  Chitinous Plating  
  63  15:58  Ultralisk x2  
  63  15:59  Ultralisk  
  81  16:05  Overlord x4  
  81  16:06  Overlord  
  81  16:14  Extractor  
  80  16:20  Drone  
  81  16:28  Overlord  
  81  16:29  Ultralisk x3  
  81  16:30  Ultralisk  
  105  17:23  Burrow  
  105  17:30  Zerg Flyer Armor Level 1  
  105  17:32  Zerg Missile Weapons Level 1  
  105  17:34  Mutalisk  
  105  17:35  Mutalisk x4  
  115  17:41  Drone x6  
  115  17:42  Drone  
  122  18:04  Drone x2  
  124  18:05  Extractor  
  123  18:20  Mutalisk  
  123  18:21  Mutalisk x5  
  135  18:32  Extractor  
  134  18:44  Overlord x6  
  134  19:08  Ultralisk  
  140  19:10  Mutalisk  
  140  19:11  Mutalisk x3  
  148  19:24  Zerg Flyer Weapons Level 1  
  148  19:25  Mutalisk x3  
  154  19:55  Zerg Ground Armor Level 3  
  154  20:47  Zerg Melee Weapons Level 2  
  154  20:53  Mutalisk x8  
  170  21:14  Baneling  
  170  21:18  Zerg Flyer Armor Level 2  
  170  21:33  Nydus Network  
  169  21:57  Baneling  
  169  22:02  Nydus Network  
  169  22:08  Baneling  
  167  22:43  Overlord x2  
  167  22:47  Ultralisk x2  
  167  22:51  Mutalisk  
  179  22:52  Mutalisk  
  183  23:03  Zerg Missile Weapons Level 2  
  183  23:14  Zerg Melee Weapons Level 3  
  183  23:28  Baneling  
  183  23:29  Baneling x20  
  183  23:30  Baneling x7  
  183  23:33  Zerg Flyer Weapons Level 2  
  183  23:50  Baneling  
  181  24:52  Pneumatized Carapace  
  181  25:08  Nydus Canal  
  181  25:18  Nydus Canal  
Show
View Real Time Build Order
Export as new Build Order

Gracz Terran 

Build Orders:  

Get SALT Encoding   

  12  0:02  SCV  
  13  0:14  SCV  
  14  0:17  Refinery  
  14  0:38  Supply Depot  
  14  0:49  Refinery  
  14  1:09  Barracks  
  14  1:36  SCV  
  15  1:41  Barracks  
  15  1:49  SCV  
  16  2:01  SCV  
  17  2:13  SCV  
  18  2:16  Barracks Reactor  
  18  2:25  SCV  
  19  2:37  SCV  
  18  2:53  Marine x2  
  18  2:54  Barracks Reactor  
  19  3:19  Marine x2  
  21  3:33  Marine x2  
  21  3:37  Marine x2  
  22  3:51  Marine x2  
  22  4:08  Marine  
  23  4:21  Supply Depot  
  23  4:32  Marine  
  23  4:33  Marine x3  
  12  4:49  Marine  
  12  4:51  Marine x2  
  11  4:55  Marine  
  6  5:09  Marine x2  
    11:13  SCV  
  1  11:25  SCV  
  2  11:37  SCV  
  3  11:51  SCV  
  4  12:03  SCV  
  5  14:07  Supply Depot  
  4  15:35  Supply Depot  
  4  16:10  Barracks  
  4  17:22  Barracks Reactor  
  4  17:30  Barracks  
  4  17:34  SCV  
  5  17:46  SCV  
  6  17:58  SCV  
  7  18:10  SCV  
  8  18:18  Barracks  
  8  18:45  SCV, Ghost Academy  
  9  18:53  Barracks Tech Lab  
  9  19:08  Barracks Tech Lab  
  9  19:15  Reaper x2  
  11  19:23  Refinery  
  11  19:47  Reaper  
  12  20:01  SCV  
  12  20:04  Refinery  
  13  20:13  SCV  
  14  20:25  SCV  
  15  21:16  Ghost  
  15  21:17  Ghost  
  19  21:22  SCV  
  19  21:25  Reaper x2  
  22  21:34  SCV  
  23  22:10  Ghost Academy  
  23  22:56  Supply Depot  
  23  23:28  Factory  
  23  23:32  Supply Depot  
  23  23:42  Personal Cloaking  
  23  23:56  Ghost x2  
  23  24:24  Ghost  
  13  25:08  Reaper  
  13  25:09  Reaper x3  
  12  25:41  Reaper  
Tags
 
Add a new tag
Caveats
  • Supply blocks, unpowered buildings, or Contaminate may cause inaccurate times.
  • Supply counts are checked every 10 seconds.